Map: [ESL] Oceanborn

Players

CoffeeAme - Winner!

  • Race: Terran Terran
  • League: Master
  • Spawn Location: 5:00

GunGFuBanDa

  • Race: Protoss Protoss
  • League: Master
  • Spawn Location: 11:00

VOD

Have the link to the VOD?

Description

Time

  • Played on: Dec. 18, 2023, 2:06 p.m.
  • Length: 8:48
Show
View Real Time Build Order
Export as new Build Order

CoffeeAme Terran - Winner!

Build Orders: Gas First Reaper Expand, Liberator Opening 

Get SALT Encoding   

  12  0:00  SCV  
  13  0:12  SCV  
  14  0:16  Supply Depot  
  14  0:24  SCV  
  14  0:27  Refinery  
  15  0:38  SCV  
  16  0:43  Barracks  
  16  0:50  SCV  
  17  1:02  SCV  
  18  1:14  SCV  
  19  1:30  Reaper  
  19  1:31  Orbital Command  
  20  1:42  Command Center  
  20  1:52  Factory  
  20  1:56  SCV  
  21  2:02  Refinery  
  21  2:05  Barracks Reactor  
  21  2:08  SCV  
  21  2:13  Supply Depot  
  22  2:20  SCV  
  23  2:35  SCV  
  24  2:38  Starport  
  24  2:42  Marine x2  
  24  2:43  Widow Mine  
  28  2:47  SCV  
  29  2:55  Orbital Command  
  29  3:01  Marine x2  
  29  3:04  Widow Mine  
  33  3:07  SCV  
  34  3:15  Medivac  
  34  3:19  Marine x2  
  38  3:24  Orbital Command  
  37  3:27  Factory Tech Lab  
  37  3:28  SCV  
  37  3:32  Supply Depot  
  38  3:38  Marine x2  
  38  3:40  SCV  
  41  3:45  Liberator  
  44  3:50  SCV  
  44  3:54  Siege Tank  
  48  3:57  Marine x2  
  50  4:03  Supply Depot, SCV  
  50  4:05  SCV  
  52  4:15  SCV, Marine  
  54  4:17  Marine  
  54  4:18  SCV  
  52  4:27  SCV  
  52  4:30  SCV  
  53  4:33  Marine  
  53  4:35  Marine  
  54  4:39  SCV  
  54  4:42  Siege Tank  
  54  4:43  SCV, Starport Tech Lab  
  57  4:51  SCV, Marine, Bunker  
  59  4:52  Marine  
  59  4:53  Barracks  
  59  4:55  SCV  
  59  4:57  Supply Depot  
  61  5:01  Supply Depot  
  61  5:03  SCV  
  62  5:19  Raven, SCV, Marine x2, Barracks, Siege Tank  
  70  5:22  SCV  
  70  5:26  Refinery, Engineering Bay  
  71  5:33  SCV  
  71  5:35  Supply Depot, SCV  
  73  5:37  Marine x2  
  75  5:45  SCV  
  75  5:47  SCV  
  76  5:52  Terran Infantry Weapons Level 1  
  76  5:53  Supply Depot  
  76  5:57  SCV  
  76  5:59  SCV  
  76  6:00  Starport Reactor  
  76  6:01  Marine x3  
  76  6:02  Factory Reactor  
  79  6:06  Stimpack  
  78  6:13  SCV x2  
  78  6:14  Refinery, Command Center  
  80  6:19  Marine x4  
  80  6:25  SCV x2  
  86  6:37  SCV x2, Marine x3  
  91  6:42  Marauder  
  91  6:46  Combat Shield  
  93  6:52  Barracks x2  
  93  6:58  Supply Depot  
  93  7:00  Supply Depot  
  93  7:02  SCV  
  94  7:18  SCV, Marine  
  94  7:19  Supply Depot x2  
  94  7:20  Marine, Marauder, Widow Mine x2  
  94  7:22  Marauder, Medivac x2  
  98  7:41  Marine x2  
  98  7:42  Barracks Tech Lab, Marauder, Barracks Reactor  
  98  7:43  Marauder, Widow Mine x2  
  108  7:48  Orbital Command, SCV x2  
  106  7:52  Medivac x2  
  110  7:59  Marine  
  110  8:00  SCV x2  
  110  8:02  Marine x2  
  110  8:03  Marauder  
  117  8:07  Marauder, Widow Mine  
  120  8:21  Marauder  
  120  8:24  Marauder  
  122  8:27  Marine x3  
  122  8:32  Supply Depot, SCV x2  
Show
View Real Time Build Order
Export as new Build Order

GunGFuBanDa Protoss 

Build Orders: 1 Gate Expand, Blink Stalkers, Colossus Rush 

Get SALT Encoding   

  12  0:00  Probe  
  13  0:12  Probe  
  14  0:17  Pylon  
  14  0:24  Probe (Chrono Boost)  
  15  0:36  Probe (Chrono Boost)  
  15  0:37  Gateway  
  16  0:44  Probe (Chrono Boost)  
  16  0:47  Assimilator  
  17  0:51  Probe  
  18  1:03  Probe  
  19  1:15  Probe  
  20  1:24  Cybernetics Core  
  20  1:34  Nexus  
  20  1:40  Pylon  
  20  1:42  Probe  
  21  1:48  Assimilator  
  21  1:54  Probe  
  21  1:58  Adept (Chrono Boost)  
  24  2:01  Warp Gate  
  24  2:07  Probe  
  25  2:19  Probe (Chrono Boost)  
  25  2:21  Stalker  
  28  2:30  Probe (Chrono Boost)  
  28  2:31  Twilight Council  
  28  2:35  Probe (Chrono Boost)  
  29  2:45  Probe  
  29  2:48  Probe (Chrono Boost)  
  29  2:51  Stalker  
  34  3:00  Probe (Chrono Boost)  
  34  3:03  Probe (Chrono Boost)  
  35  3:08  Probe (Chrono Boost)  
  35  3:11  Probe (Chrono Boost)  
  37  3:14  Probe  
  37  3:15  Blink (Chrono Boost)  
  38  3:25  Probe (Chrono Boost)  
  38  3:26  Probe (Chrono Boost)  
  39  3:33  Gateway  
  40  3:34  Robotics Facility  
  40  3:35  Probe (Chrono Boost)  
  40  3:37  Probe (Chrono Boost)  
  40  3:40  Probe (Chrono Boost)  
  41  3:43  Assimilator  
  41  3:46  Probe  
  41  3:47  Pylon  
  43  3:50  Stalker  
  43  3:53  Probe  
  46  4:05  Probe x2  
  48  4:15  Stalker  
  50  4:17  Probe x2  
  50  4:23  Pylon  
  52  4:27  Nexus, Observer  
  52  4:29  Pylon  
  48  4:38  Probe (Chrono Boost)  
  37  4:47  Probe (Chrono Boost)  
  37  4:49  Probe (Chrono Boost)  
  38  4:54  Probe (Chrono Boost)  
  38  4:56  Probe (Chrono Boost)  
  41  5:04  Probe (Chrono Boost)  
  41  5:06  Robotics Bay  
  42  5:07  Probe (Chrono Boost)  
  42  5:09  Probe (Chrono Boost)  
  43  5:16  Probe (Chrono Boost)  
  43  5:18  Immortal (Chrono Boost)  
  49  5:26  Probe (Chrono Boost)  
  49  5:27  Charge, Probe (Chrono Boost)  
  50  5:32  Stalker, Probe x2 (Chrono Boost)  
  54  5:42  Stalker  
  56  5:44  Probe  
  56  5:45  Shield Battery  
  56  5:49  Probe  
  59  5:50  Probe  
  59  5:56  Probe, Colossus (Chrono Boost)  
  66  6:11  Zealot x2  
  66  6:13  Probe x2  
  66  6:16  Gateway  
  66  6:17  Gateway  
  72  6:21  Pylon  
  72  6:25  Shield Battery  
  72  6:27  Pylon  
  70  6:40  Pylon  
  70  6:42  Colossus (Chrono Boost)  
  76  6:49  Shield Battery  
  76  6:52  Zealot  
  78  6:56  Gateway  
  78  6:58  Gateway, Zealot  
  76  7:09  Pylon  
  76  7:15  Zealot x2  
  80  7:19  Cybernetics Core  
  66  7:38  Zealot x3  
  70  7:50  Pylon  
  66  7:54  Zealot x2  
  66  7:57  Robotics Facility  
  70  7:59  Shield Battery  
  70  8:01  Zealot x3  
  76  8:07  Pylon  
  76  8:09  Pylon  
  74  8:13  Dark Shrine  
  74  8:17  Zealot x2  
  73  8:29  Zealot x3  
  79  8:39  Zealot x2  
Tags
 
Add a new tag
Caveats
  • Supply blocks, unpowered buildings, or Contaminate may cause inaccurate times.
  • Supply counts are checked every 10 seconds.